AoeStats
← Matayo

MegaRandom

509920587Analyzed
3v3 RM · 4d ago on Sep 28, 2026· 89m 31s· 6 players
Game mode
Random Map
Map size
Normal (6 player)
Population
200
Speed
Normal
Resources
Standard
Victory
Conquest
Starting age
Dark Age
Ending age
Imperial Age
RankedLock teamsTeams togetherTeam positionsShared explorationLock speedFull tech treeHidden civsTurbo modeCheats
Victory
Defeat
🇧🇪 Gurjaras · Belgium
1556
+14
🇧🇪 Hindustanis · Belgium
1550
+14
🇧🇪 Saracens · Belgium
1450
+18
🇨🇿 Poles · Czechia
1579
-19
🇨🇭 Bohemians · Switzerland
1528
-16
🇨🇿 Armenians · Czechia
1404
-11
Datel
6:39 Loom
6:59 Loom
9:17 Feudal Age
9:53 Double-Bit Axe
15:34 Forging
15:30 Scale Barding Armor
17:17 Bloodlines
22:50 Castle Age
23:19 Castle Age
22:06 Horse Collar
24:43 Bow Saw
24:34 Heavy Plow
25:11 Gold Mining
26:31 Wheelbarrow
30:06 Hand Cart
34:18 Imperial Age
31:47 Gold Mining
33:39 Szlachta Privileges
35:21 Iron Casting
35:09 Chain Barding Armor
35:55 Husbandry
36:28 Cavalier
39:24 Conscription
42:34 Iron Casting
46:27 Capped Ram
47:44 Siege Ram
48:08 Light Cavalry
56:02 Caravan
59:55 Ballistics
59:27 Fletching
60:42 Blast Furnace
60:55 Coinage
63:41 Bodkin Arrow
65:20 Bracer
71:12 Chemistry
70:09 Murder Holes
70:20 Siege Engineers
70:39 Scale Mail Armor
78:20 Hoardings
80:55 Masonry
81:15 Padded Archer Armor
84:33 Banking
85:45 Leather Archer Armor
84:53 Elite Skirmisher
pascal sauvage
10:44 Feudal Age
9:05 Loom
10:53 Feudal Age
15:09 Castle Age
13:32 Double-Bit Axe
13:48 Horse Collar
16:10 Bow Saw
17:52 Chemistry
21:53 Wheelbarrow
21:36 Padded Archer Armor
24:13 Murder Holes
24:56 Leather Archer Armor
24:56 Bow Saw
30:49 Hand Cart
31:26 Town Watch
32:33 Elite Skirmisher
33:07 Fletching
33:59 Bodkin Arrow
37:15 Imperial Age
36:11 Ballistics
38:29 Ring Archer Armor
38:29 Masonry
39:26 Conscription
39:33 Bracer
39:25 Pikeman
40:05 Squires
43:59 Architecture
50:14 Siege Engineers
58:57 Fervor
61:12 Wagenburg Tactics
61:21 Onager
62:07 Halberdier
63:20 Scale Mail Armor
65:27 Chain Mail Armor
65:23 Forging
65:50 Caravan
66:00 Guilds
65:34 Houfnice
67:01 Murder Holes
68:02 Plate Mail Armor
68:08 Iron Casting
74:19 Blast Furnace
83:10 Two-Man Saw
82:17 Heavy Plow
Matayo
7:09 Loom
9:30 Feudal Age
10:26 Double-Bit Axe
14:13 Horse Collar
19:11 Castle Age
17:59 Fletching
18:46 Town Watch
19:28 Padded Archer Armor
21:37 Gold Mining
22:04 Bow Saw
23:26 Stone Mining
25:21 Heavy Plow
25:54 Bodkin Arrow
28:00 Leather Archer Armor
29:42 Ballistics
32:07 Squires
31:53 Gambesons
33:01 Caravan
36:44 Imperial Age
34:02 Elite Skirmisher
36:33 Wheelbarrow
38:21 Man-at-Arms
38:36 Elite Composite Bowman
39:37 Conscription
39:22 Fereters
39:25 Arson
39:48 Bracer
40:18 Ring Archer Armor
39:48 Scale Mail Armor
39:15 Long Swordsman
40:18 Two-Handed Swordsman
43:03 Chemistry
42:19 Champion
44:17 Chain Mail Armor
44:12 Forging
47:28 Plate Mail Armor
70:19 Gold Shaft Mining
flem.Dieterkiller
11:15 Feudal Age
9:33 Loom
11:18 Feudal Age
15:11 Castle Age
13:52 Scale Barding Armor
16:05 Forging
16:37 Horse Collar
18:18 Double-Bit Axe
24:19 Bow Saw
25:15 Heavy Plow
25:21 Husbandry
26:23 Bloodlines
27:19 Chain Barding Armor
33:02 Wheelbarrow
37:04 Imperial Age
35:30 Iron Casting
38:25 Plate Barding Armor
37:11 Heavy Camel Rider
42:02 Hand Cart
41:33 Town Watch
43:38 Masonry
44:29 Chemistry
44:31 Fletching
46:20 Bodkin Arrow
47:55 Elite Shrivamsha Rider
51:46 Architecture
60:24 Caravan
61:43 Light Cavalry
62:49 Murder Holes
66:41 Coinage
71:31 Conscription
71:47 Hoardings
76:46 Bracer
77:24 Ballistics
81:03 Elite Chakram Thrower
86:07 Scale Mail Armor
86:21 Treadmill Crane
86:54 Fortified Wall
Piedje Spastcoman
7:17 Loom
9:54 Feudal Age
10:47 Double-Bit Axe
14:19 Fletching
22:12 Castle Age
20:33 Gold Mining
21:31 Horse Collar
22:15 Padded Archer Armor
22:12 Crossbowman
23:02 Bodkin Arrow
26:13 Ballistics
27:25 Bow Saw
32:06 Leather Archer Armor
37:27 Thumb Ring
39:18 Wheelbarrow
41:43 Imperial Age
41:06 Stone Mining
42:03 Arbalester
43:50 Masonry
45:34 Bracer
46:04 Ring Archer Armor
46:42 Chemistry
47:26 Gambesons
48:12 Ring Archer Armor
53:26 Hand Cart
52:56 Town Watch
54:18 Bloodlines
54:09 Husbandry
53:41 Light Cavalry
54:28 Scale Barding Armor
54:33 Forging
54:57 Counterweights
55:12 Squires
55:21 Hussar
56:31 Caravan
57:42 Chain Barding Armor
58:02 Forging
59:28 Conscription
59:45 Hoardings
60:37 Plate Barding Armor
65:19 Murder Holes
71:40 Iron Casting
76:07 Blast Furnace
77:55 Scale Mail Armor
77:57 Pikeman
78:38 Squires
78:23 Arson
78:55 Chain Mail Armor
81:02 Plate Mail Armor
84:53 Coinage
flem.TheLastBender
3:35 Loom
10:09 Feudal Age
15:17 Castle Age
13:46 Double-Bit Axe
16:03 Fletching
21:59 Bodkin Arrow
22:19 Padded Archer Armor
24:23 Thumb Ring
24:20 Horse Collar
25:32 Bloodlines
25:54 Fortified Wall
26:55 Bow Saw
26:47 Heavy Plow
27:58 Wheelbarrow
28:27 Ballistics
28:30 Husbandry
30:52 Town Watch
32:27 Leather Archer Armor
33:58 Gold Mining
33:58 Stone Mining
35:05 Masonry
37:35 Imperial Age
36:40 Hand Cart
37:24 Elite Skirmisher
38:21 Bracer
39:23 Chemistry
39:08 Conscription
39:03 Siege Engineers
40:12 Hoardings
39:22 Heavy Cavalry Archer
40:44 Ring Archer Armor
44:17 Shatagni
45:02 Grand Trunk Road
47:20 Two-Man Saw
49:06 Coinage
55:09 Caravan
55:40 Scale Barding Armor
69:33 Forging
71:10 Chain Barding Armor
71:26 Iron Casting
70:25 Heavy Camel Rider
72:53 Plate Barding Armor
72:41 Imperial Camel Rider
74:41 Banking
76:30 Blast Furnace
86:36 Murder Holes
Connection lost

Rejoining the realm…

Still unreachable

The connection could not be restored.

Session expired

The server has moved on; the page needs a fresh start.